MWL (24 & UNDER)
MANHATTEN MEATHEADS @ WISCONSIN RAPIDS RANGERS
06/10/2025
 
TOP OF THE 1ST
Manhatten Meatheads batting - Pitching for Wisconsin Rapids Rangers : RHP Juan Contreras
Pitching: RHP Juan Contreras
Batting: RHB Júlio Galló 0-0: Ball
1-0: Swinging Strike
1-1: Called Strike
1-2: Ball
2-2: Strikes out swinging
Batting: SHB Kent Phillips 0-0: Foul Ball, location: 2F
0-1: Called Strike
0-2: Ball
1-2: Strikes out swinging
Batting: RHB Doug Coleman 0-0: Ball
1-0: Ground out 4-3 (Groundball, 4)
Top of the 1st over - 0 run(s), 0 hit(s), 0 error(s), 0 left on base; Manhatten 0 - Wisconsin Rapids 0
BOTTOM OF THE 1ST
Wisconsin Rapids Rangers batting - Pitching for Manhatten Meatheads : RHP Doug Cole
Pitching: RHP Doug Cole
Batting: RHB Troy Reed 0-0: Called Strike
0-1: Ball
1-1: Ball
2-1: Foul Ball, location: 2F
2-2: Ball
3-2: SINGLE (Flyball, 9LM)
Batting: SHB Ricardo Arévalo 0-0: Ball
1-0: Ball
2-0: Ball
3-0: Base on Balls
Troy Reed to second
Batting: RHB Paul Richard 0-0: Fly out, F6 (Popup, 6M)
Batting: LHB Ramón Córdova 0-0: Ball
1-0: Called Strike
1-1: Ball
2-1: Ball
3-1: Foul Ball, location: 2F
3-2: Foul Ball, location: 2F
3-2: Base on Balls
Troy Reed to third
Ricardo Arévalo to second
Batting: RHB Salvador Vázquez 0-0: Called Strike
0-1: Ball
1-1: Foul Ball, location: 2F
1-2: Ball
2-2: Fly out, F8 (Line Drive, 8RM)
Runner from 3rd tags up, SCORES, no throw
Batting: RHB Dick Slagboom 0-0: Ground out 1-3 (Groundball, 13S)
Bottom of the 1st over - 1 run(s), 1 hit(s), 0 error(s), 2 left on base; Manhatten 0 - Wisconsin Rapids 1
TOP OF THE 2ND
Manhatten Meatheads batting - Pitching for Wisconsin Rapids Rangers : RHP Juan Contreras
Batting: LHB Juan Hernández 0-0: SINGLE (Groundball, 6S)
Batting: LHB Scott Young 0-0: Called Strike
Juan Hernández steals 2nd base
0-1: Swinging Strike
0-2: Ball
1-2: Ball
2-2: Strikes out swinging
Batting: RHB Greg Lee 0-0: Called Strike
0-1: Fly out, F7 (Flyball, 78M)
Batting: RHB Augusto Baca 0-0: Ground out 6-3 (Groundball, 6)
Top of the 2nd over - 0 run(s), 1 hit(s), 0 error(s), 1 left on base; Manhatten 0 - Wisconsin Rapids 1
BOTTOM OF THE 2ND
Wisconsin Rapids Rangers batting - Pitching for Manhatten Meatheads : RHP Doug Cole
Batting: RHB Pedro Ramírez 0-0: Called Strike
0-1: Ball
1-1: Foul Ball, location: 2F
1-2: Ball
2-2: Foul Ball, location: 2F
2-2: Ball
3-2: Strikes out swinging
Batting: RHB Cherles Vilo 0-0: Ball
1-0: Called Strike
1-1: Ball
2-1: Ball
3-1: Base on Balls
Batting: RHB Robert Acosta 0-0: Called Strike
0-1: Ball
1-1: Fly out, F6 (Line Drive, 6M)
Batting: RHB Troy Reed 0-0: Swinging Strike
0-1: SINGLE (Line Drive, 9S)
Cherles Vilo to second
Batting: SHB Ricardo Arévalo 0-0: Called Strike
0-1: Called Strike
0-2: Ball
1-2: Foul Ball, location: 2F
1-2: Ball
2-2: Foul Ball, location: 2F
2-2: Foul Ball, location: 2F
2-2: Strikes out swinging
Bottom of the 2nd over - 0 run(s), 1 hit(s), 0 error(s), 2 left on base; Manhatten 0 - Wisconsin Rapids 1
TOP OF THE 3RD
Manhatten Meatheads batting - Pitching for Wisconsin Rapids Rangers : RHP Juan Contreras
Batting: RHB Ramón Ybarra 0-0: Foul Ball, location: 2F
0-1: Ball
1-1: Hit by Pitch
Batting: RHB Denver Baker 0-0: Ball
1-0: Grounds into double play, 4-6-3 (Groundball, 4)
Batting: RHB Júlio Galló 0-0: Called Strike
0-1: Ball
1-1: Called Strike
1-2: Foul Ball, location: 2F
1-2: Strikes out swinging
Top of the 3rd over - 0 run(s), 0 hit(s), 0 error(s), 0 left on base; Manhatten 0 - Wisconsin Rapids 1
BOTTOM OF THE 3RD
Wisconsin Rapids Rangers batting - Pitching for Manhatten Meatheads : RHP Doug Cole
Batting: RHB Paul Richard 0-0: Ball
1-0: Foul Ball, location: 2F
1-1: Ground out 5-3 (Groundball, 5S)
Batting: LHB Ramón Córdova 0-0: Foul Ball, location: 2F
0-1: Ball
1-1: Foul Ball, location: 2F
1-2: Foul Ball, location: 2F
1-2: Ball
2-2: Ball
3-2: Foul Ball, location: 2F
3-2: Foul Ball, location: 2F
3-2: Base on Balls
Batting: RHB Salvador Vázquez 0-0: Ball
1-0: Ball
2-0: Called Strike
2-1: Foul Ball, location: 2F
2-2: DOUBLE (Flyball, 7LM)
Ramón Córdova to third
Batting: RHB Dick Slagboom 0-0: Called Strike
0-1: SINGLE (Line Drive, 56)
Ramón Córdova scores
Salvador Vázquez to third
Runner from 3rd tries for Home, SAFE, no throw or cutoff
Batting: RHB Pedro Ramírez 0-0: Called Strike
0-1: Ground out 5-3 (Groundball, 56S)
Dick Slagboom to second
Batting: RHB Cherles Vilo 0-0: Called Strike
0-1: Swinging Strike
0-2: Fly out, F9 (Flyball, 89M)
Bottom of the 3rd over - 2 run(s), 2 hit(s), 0 error(s), 1 left on base; Manhatten 0 - Wisconsin Rapids 3
TOP OF THE 4TH
Manhatten Meatheads batting - Pitching for Wisconsin Rapids Rangers : RHP Juan Contreras
Batting: SHB Kent Phillips 0-0: Fly out, F7 (Line Drive, 78M)
Batting: RHB Doug Coleman 0-0: Called Strike
0-1: Called Strike
0-2: Ball
1-2: Strikes out swinging
Batting: LHB Juan Hernández 0-0: SINGLE (Line Drive, 6MD)
Batting: LHB Scott Young 0-0: Ball
1-0: Fly out, F1 (Line Drive, 15)
Top of the 4th over - 0 run(s), 1 hit(s), 0 error(s), 1 left on base; Manhatten 0 - Wisconsin Rapids 3
BOTTOM OF THE 4TH
Wisconsin Rapids Rangers batting - Pitching for Manhatten Meatheads : RHP Doug Cole
Batting: RHB Robert Acosta 0-0: Swinging Strike
0-1: Fly out, F9 (Flyball, 9S)
Batting: RHB Troy Reed 0-0: Ball
1-0: Ball
2-0: Foul Ball, location: 2F
2-1: Called Strike
2-2: SINGLE (Line Drive, 34D)
Batting: SHB Ricardo Arévalo 0-0: Ball
1-0: Ball
2-0: Ball
3-0: Called Strike
3-1: Called Strike
3-2: Base on Balls
Troy Reed to second
Pitching: RHP Rubén Cruz
Batting: RHB Paul Richard 0-0: Ball
1-0: Fielders Choice at 3rd, U5 (Groundball, 5L)
Ricardo Arévalo to second
Batting: LHB Ramón Córdova 0-0: Hit by Pitch
Ricardo Arévalo to third
Paul Richard to second
Batting: RHB Salvador Vázquez 0-0: Called Strike
0-1: Fly out, F9 (Flyball, 9S)
Bottom of the 4th over - 0 run(s), 1 hit(s), 0 error(s), 3 left on base; Manhatten 0 - Wisconsin Rapids 3
TOP OF THE 5TH
Manhatten Meatheads batting - Pitching for Wisconsin Rapids Rangers : RHP Juan Contreras
Batting: RHB Greg Lee 0-0: Ball
1-0: Ball
2-0: Called Strike
2-1: Swinging Strike
2-2: Fly out, F8 (Flyball, 8RM)
Batting: RHB Augusto Baca 0-0: Called Strike
0-1: Ball
1-1: Fly out, F8 (Line Drive, 78D)
Batting: RHB Ramón Ybarra 0-0: Called Strike
0-1: Ball
1-1: Ball
2-1: Ball
3-1: Called Strike
3-2: Foul Ball, location: 2F
3-2: Base on Balls
Batting: RHB Denver Baker 0-0: Swinging Strike
0-1: Ball
1-1: Swinging Strike
1-2: Ball
2-2: Strikes out looking
Top of the 5th over - 0 run(s), 0 hit(s), 0 error(s), 1 left on base; Manhatten 0 - Wisconsin Rapids 3
BOTTOM OF THE 5TH
Wisconsin Rapids Rangers batting - Pitching for Manhatten Meatheads : RHP Rubén Cruz
Batting: RHB Dick Slagboom 0-0: Called Strike
0-1: Ball
1-1: Ball
2-1: Swinging Strike
2-2: SINGLE (Groundball, 13) (infield hit)
Batting: RHB Pedro Ramírez 0-0: Ball
1-0: SINGLE (Groundball, 56D)
Dick Slagboom to second
Batting: RHB Cherles Vilo 0-0: Foul Ball, location: 2F
0-1: Ball
1-1: Called Strike
1-2: Ball
2-2: Fly out, F2 (Popup, 23F)
Batting: RHB Robert Acosta 0-0: Fly out, F6 (Line Drive, 6)
0-0: Lined into DP, 6-4 (Line Drive, 6)
Bottom of the 5th over - 0 run(s), 2 hit(s), 0 error(s), 1 left on base; Manhatten 0 - Wisconsin Rapids 3
TOP OF THE 6TH
Manhatten Meatheads batting - Pitching for Wisconsin Rapids Rangers : RHP Juan Contreras
Batting: RHB Júlio Galló 0-0: Ball
1-0: Ball
2-0: Foul Ball, location: 2F
2-1: Ball
3-1: Called Strike
3-2: Fly out, F9 (Flyball, 89M)
Batting: SHB Kent Phillips 0-0: Ball
1-0: Called Strike
1-1: Swinging Strike
1-2: Ball
2-2: Strikes out swinging
Batting: RHB Doug Coleman 0-0: Ball
1-0: Foul Ball, location: 2F
1-1: Ball
2-1: Ball
3-1: Base on Balls
Batting: LHB Juan Hernández 0-0: Ball
1-0: Ball
2-0: Ball
3-0: Base on Balls
Doug Coleman to second
Batting: LHB Scott Young 0-0: Ball
1-0: Swinging Strike
1-1: Ball
2-1: Swinging Strike
2-2: Foul Ball, location: 2F
2-2: Strikes out looking
Top of the 6th over - 0 run(s), 0 hit(s), 0 error(s), 2 left on base; Manhatten 0 - Wisconsin Rapids 3
BOTTOM OF THE 6TH
Wisconsin Rapids Rangers batting - Pitching for Manhatten Meatheads : RHP Rubén Cruz
Batting: RHB Troy Reed 0-0: Called Strike
0-1: Foul Ball, location: 2F
0-2: Fly out, F7 (Line Drive, 7M)
Batting: SHB Ricardo Arévalo 0-0: Called Strike
0-1: Foul Ball, location: 2F
0-2: Ball
1-2: Foul Ball, location: 2F
1-2: SINGLE (Line Drive, 89S)
Batting: RHB Paul Richard 0-0: Ball
1-0: Ball
2-0: DOUBLE (Line Drive, 9M)
Ricardo Arévalo to third
Batting: LHB Ramón Córdova 0-0: Ball
1-0: Ball
2-0: Ball
3-0: Called Strike
3-1: 3-RUN HOME RUN (Flyball, 8LXD), Distance : 408 ft
Batting: RHB Salvador Vázquez 0-0: Foul Ball, location: 2F
0-1: Ball
1-1: Ball
2-1: Ball
3-1: Base on Balls
Batting: RHB Dick Slagboom 0-0: Swinging Strike
0-1: Grounds into double play, 4-6-3 (Groundball, 4)
Bottom of the 6th over - 3 run(s), 3 hit(s), 0 error(s), 0 left on base; Manhatten 0 - Wisconsin Rapids 6
TOP OF THE 7TH
Manhatten Meatheads batting - Pitching for Wisconsin Rapids Rangers : RHP Juan Contreras
Batting: RHB Greg Lee 0-0: Called Strike
0-1: Swinging Strike
0-2: Ball
1-2: Strikes out swinging
Pitching: LHP Ben Reyes
Batting: RHB Augusto Baca 0-0: Ball
1-0: Called Strike
1-1: Ball
2-1: Foul Ball, location: 2F
2-2: Ground out 4-3 (Groundball, 4M)
Batting: RHB Ramón Ybarra 0-0: Ball
1-0: Called Strike
1-1: Swinging Strike
1-2: Ball
2-2: Fly out, F8 (Flyball, 89XD)
Top of the 7th over - 0 run(s), 0 hit(s), 0 error(s), 0 left on base; Manhatten 0 - Wisconsin Rapids 6
BOTTOM OF THE 7TH
Wisconsin Rapids Rangers batting - Pitching for Manhatten Meatheads : RHP Rubén Cruz
Pitching: RHP Carlos Montés
Batting: RHB Pedro Ramírez 0-0: Ball
1-0: Ball
2-0: Ball
3-0: Called Strike
3-1: Base on Balls
Batting: RHB Cherles Vilo 0-0: SINGLE (Line Drive, 8RS)
Pedro Ramírez to second
Batting: RHB Robert Acosta 0-0: Ball
1-0: Bunt missed!
1-1: Sac Bunt - play at first, batter OUT! 1-4
Pedro Ramírez to third
Cherles Vilo to second
Batting: RHB Troy Reed 0-0: Ball
1-0: Ground out 6-3 (Groundball, 6)
Pedro Ramírez scores
Batting: SHB Ricardo Arévalo 0-0: Ball
1-0: Foul Ball, location: 2F
1-1: Fly out, F3 (Popup, 34S)
Bottom of the 7th over - 1 run(s), 1 hit(s), 0 error(s), 1 left on base; Manhatten 0 - Wisconsin Rapids 7
TOP OF THE 8TH
Manhatten Meatheads batting - Pitching for Wisconsin Rapids Rangers : LHP Ben Reyes
Batting: RHB Denver Baker 0-0: Called Strike
0-1: Ball
1-1: Foul Ball, location: 2F
1-2: Ground out 1-3 (Groundball, 13S)
Batting: RHB Júlio Galló 0-0: Ball
1-0: SINGLE (Groundball, 5D)
Batting: SHB Kent Phillips 0-0: Called Strike
0-1: Foul Ball, location: 2F
0-2: Strikes out swinging
Batting: RHB Doug Coleman 0-0: Foul Ball, location: 2F
0-1: Ball
1-1: Ball
2-1: Called Strike
2-2: Strikes out swinging
Top of the 8th over - 0 run(s), 1 hit(s), 0 error(s), 1 left on base; Manhatten 0 - Wisconsin Rapids 7
BOTTOM OF THE 8TH
Wisconsin Rapids Rangers batting - Pitching for Manhatten Meatheads : RHP Carlos Montés
Batting: RHB Paul Richard 0-0: Ball
1-0: Ball
2-0: Called Strike
2-1: Ball
3-1: SOLO HOME RUN (Flyball, 78XD), Distance : 377 ft
Batting: LHB Ramón Córdova 0-0: Foul Ball, location: 2F
0-1: Ball
1-1: Ball
2-1: Foul Ball, location: 2F
2-2: Foul Ball, location: 2F
2-2: Foul Ball, location: 2F
2-2: Foul Ball, location: 2F
2-2: Foul Ball, location: 2F
2-2: Ground out 5-3 (Groundball, 5)
Batting: RHB Salvador Vázquez 0-0: Swinging Strike
0-1: Ball
1-1: Swinging Strike
1-2: Ball
2-2: Foul Ball, location: 2F
2-2: Strikes out swinging
Batting: RHB Dick Slagboom 0-0: Ball
1-0: Ball
2-0: Ball
3-0: Base on Balls
Batting: RHB Pedro Ramírez 0-0: Ball
1-0: Ground out 5-3 (Groundball, 56)
Bottom of the 8th over - 1 run(s), 1 hit(s), 0 error(s), 1 left on base; Manhatten 0 - Wisconsin Rapids 8
TOP OF THE 9TH
Manhatten Meatheads batting - Pitching for Wisconsin Rapids Rangers : LHP Ben Reyes
Batting: LHB Juan Hernández 0-0: Called Strike
0-1: Ball
1-1: Ball
2-1: Foul Ball, location: 2F
2-2: Fly out, F7 (Flyball, 7M)
Batting: LHB Scott Young 0-0: Called Strike
0-1: Ground out 1-3 (Groundball, 13S)
Batting: RHB Greg Lee 0-0: Ground out 5-3 (Groundball, 5)
Top of the 9th over - 0 run(s), 0 hit(s), 0 error(s), 0 left on base; Manhatten 0 - Wisconsin Rapids 8
This league is powered by Out of the Park Baseball, the baseball management simulation game for PC, Mac and Linux
Tuesday, August 2nd, 2016 - OOTP Baseball 16.8 Build 38